 Dungeon Crawl Stone Soup version 0.20-a0-494-gf50ee04 (webtiles) character file.

314810 aspy the Fencer (level 20, -28/163 HPs)
             Began as a Vampire Ice Elementalist on Jan 15, 2017.
             Was the Champion of Kikubaaqudgha.
             Blown up by a lich (88 damage)
             ... with an orb of destruction
             ... on level 3 of the Vaults on Jan 17, 2017.
             The game lasted 05:09:23 (48658 turns).

aspy the Fencer (Vampire Ice Elementalist)         Turns: 48658, Time: 05:09:24

Health: -28/163    AC: 21    Str:  7    XL:     20   Next: 49%
Magic:  6/33       EV: 28    Int: 27    God:    Kikubaaqudgha [******]
Gold:   1126       SH:  0    Dex: 16    Spells: 14/38 levels left

rFire    + . .     SeeInvis +   a - +3 triple sword (flame)
rCold    . . .     Gourm    .   Q - +3 troll leather armour {Snorg}
rNeg     + . .     Faith    .   (shield currently unavailable)
rPois    .         Spirit   .   E - +2 helmet
rElec    +         Reflect  .   e - +2 cloak
rCorr    .         Harm     .   L - +2 pair of gloves
MR       +++..                  D - +1 pair of boots
Stlth    ++++......             i - amulet of the Air {Inacc +Fly rElec EV+5 RMsl}
Regen    0.8/turn               X - ring of protection from magic
                                m - ring of protection from fire

@: repel missiles
A: claws 1, fangs 3, rugged brown scales 1, yellow scales 1, see invisible,
clever 1, unbreathing
}: 2/15 runes: decaying, gossamer
a: Bat Form, Receive Corpses, Torment, Renounce Religion, Evoke Flight


You were on level 3 of the Vaults.
You worshipped Kikubaaqudgha.
Kikubaaqudgha was exalted by your worship.
You were not thirsty.

You visited 6 branches of the dungeon, and saw 34 of its levels.
You also visited: Ossuary and Volcano.

You collected 3494 gold pieces.
You spent 2368 gold pieces at shops.

Inventory:

Hand Weapons
 a - a +3 triple sword of flaming (weapon)
Missiles
 u - 3 throwing nets (quivered)
Armour
 e - a +2 cloak (worn)
 D - a +1 pair of boots (worn)
 E - a +2 helmet (worn)
 L - a +2 pair of gloves (worn)
 Q - a +3 troll leather armour (worn) {Snorg}
Jewellery
 i - the amulet of the Air (around neck) {Inacc +Fly rElec EV+5 RMsl}
   (You bought it in a shop on level 6 of the Dungeon)

   [amulet of inaccuracy]

   It reduces the accuracy of all your attacks.
   It affects your evasion (+5).
   It insulates you from electricity.
   It lets you fly.
   It protects you from missiles.
 m - a ring of protection from fire (left hand)
 t - an uncursed ring of magical power
 N - an uncursed ring of protection from cold
 X - a ring of protection from magic (right hand)
Wands
 g - a wand of digging (10/24)
 A - a wand of digging (4/24)
 U - a wand of acid (2/15)
Scrolls
 b - a scroll of enchant armour
 c - 4 scrolls of recharging
 j - 2 scrolls of blinking
 l - 6 scrolls of teleportation
 o - 3 scrolls of amnesia
 r - a scroll of brand weapon
 x - 5 scrolls of magic mapping
 y - 4 scrolls of fear
 z - 3 scrolls of fog
 F - 5 scrolls of remove curse
 P - a scroll of silence
 S - a scroll of torment
Potions
 d - 5 potions of brilliance
 f - 3 potions of curing
 h - 2 potions of resistance
 k - 32 potions of blood
 n - 3 potions of haste
 p - 2 potions of berserk rage
 s - a potion of might
 w - 4 potions of ambrosia
 G - 4 potions of cancellation
 H - 3 potions of heal wounds
 J - 5 potions of cure mutation
 K - 10 potions of flight
 V - a potion of magic
Books
 B - a book of the Warp

   Spells                             Type                      Level
   a - Gell's Gravitas                Hexes/Translocation          3
   b - Portal Projectile              Translocation                3
   c - Force Lance                    Conjuration/Translocation    4
   d - Dispersal                      Translocation                6
   e - Controlled Blink               Translocation                8
   f - Disjunction                    Translocation                8


   Skills:
 + Level 14.1 Fighting
 * Level 17.5 Long Blades
 - Level 16.0 Dodging
 - Level 8.4 Stealth
   Level 3.9 Shields
 + Level 9.8 Spellcasting
   Level 0.6 Conjurations
 - Level 14.8 Summonings
 - Level 10.0 Necromancy
   Level 6.3 Ice Magic


You had 14 spell levels left.
You knew the following spells:

 Your Spells              Type           Power        Failure   Level  Hunger
a - Shadow Creatures      Summ           N/A          2%          6    #####..
b - Blink                 Tloc           N/A          12%         2    None
c - Animate Dead          Necr           N/A          1%          4    None
d - Control Undead        Necr           ######....   1%          4    None
e - Regeneration          Chrm/Necr      #####.....   2%          3    None
z - Dispel Undead         Necr           ######..     3%          5    ####...


Dungeon Overview and Level Annotations

Branches:
Dungeon (15/15)            Temple (0/1) D:7            Lair (6/6) D:11
  Swamp (4/4) Lair:2       Spider (4/4) Lair:2          Orc (2/2) D:11
    Elf (0/3) Orc:2        Vaults (3/5) D:13          Crypt (0/3) Vaults:2
 Depths (0/5) D:15
  Slime: Lair:5-6

Altars:
Cheibriados
Dithmenos
Elyvilon
Fedhas
Gozag
Kikubaaqudgha
Makhleb
Nemelex Xobeh
Okawaru
Sif Muna
Trog
Uskayaw
Xom
Zin
Beogh

Shops:
D:5 [   D:6 ??==   D:8 }   D:10 :!   D:15 }(*!**   Orc:2 =:(}   Vaults:2 }

Annotations:
D:3 Sigmund
D:4 Robin
D:7 exclusion: ice statue
Lair:5 Slime entrance, exclusion: oklob plant
Swamp:2 Nikola
Swamp:3 exclusion: downstairs
Swamp:4 Mara


Innate Abilities, Weirdness & Mutations

You have razor-sharp teeth.
You have supernaturally acute eyesight. (SInv)
You can survive without breathing.
You have sharp fingernails.
You are partially covered in rugged brown scales. (AC +1, +3% HP)
You are partially covered in yellow scales. (AC +2)
Your mind is acute. (Int +2)


Message History

The deep elf knight hits you but does no damage.
A lich comes into view.
The lich shouts!
You slice the deep elf knight!! You burn the deep elf knight.
You kill the deep elf knight!
Kikubaaqudgha accepts your kill.
The lich conjures an orb of pure magic.
An orb of destruction comes into view.
There is an open door, spattered with blood here.
Items here: ( ) [ † a long sword; a leather armour; a bolt; an elf corpse
Items here: ) [ †† a dire flail; a ring mail; a human corpse; an ugly thing corpse
Items here: ( )) ? [ † a long sword of flaming; a leather armour; a short sword a scroll of remove curse; a bolt; a shapeshifter corpse The orb of destruction hits you!
Ouch! That really hurt!
You die...
Kikubaaqudgha rasps: "You have failed me!
Welcome... oblivion!"

####+##########
#......#......#
#####'.#.#'#########
#..@)#.#.#....+.....
####§#.#.#.####.#.#.
#..#§#.'.#.'..'.....
##.)§#.#.#.#.##.#.#.
###§##########.....
..§. #.#.#. ......
#..... ..(.§....
#.#.#. .....§L..
#.....


There were no monsters in sight!

Vanquished Creatures
  Boris (Vaults:2)
  Rupert (D:12)
  A tentacled monstrosity (Swamp:4)
  Agnes (D:14)
  Kirke (D:13)
  4 thorn hunters
  A fire giant (Vaults:1)
  3 vault wardens
  5 emperor scorpions
  2 ghost moths
  5 ironheart preservers
  3 entropy weavers
  A deep elf annihilator (Vaults:1)
  2 ogre magi (Vaults:1)
  Josephine (D:12)
  Fannar (D:12)
  Harold (Lair:1)
  5 yaktaur captains
  4 vault guards
  9 hydras
  2 ghost crabs
  A death knight (Vaults:2)
  5 two-headed ogres
  5 centaur warriors
  3 alligators
  2 death yaks (Lair:4)
  A deep troll shaman (Vaults:2)
  Urug (D:12)
  A queen ant (Lair:6)
  7 skeletal warriors
  A deep elf knight (Vaults:3)
  3 shadow wraiths
  5 unseen horrors
  A glowing orange brain (Vaults:2)
  3 deep trolls
  A spriggan druid (Swamp:4)
  5 swamp dragons
  A shambling mangrove (Swamp:3)
  4 orc knights
  2 deep elf archers
  2 harpies (Lair:6)
  4 ironbrand convokers
  5 deep elf magi
  16 ugly things
  3 orb spiders
  7 orc sorcerers
  3 cyclopes
  15 wolf spiders
  5 elephants
  2 centaur zombies
  2 moths of wrath
  2 manticores
  A vault sentinel (Vaults:2)
  4 black mambas
  11 spiny frogs
  An efreet (D:15)
  2 komodo dragons
  A kobold demonologist (D:12)
  14 yaktaurs
  2 demonic crawlers
  A rime drake (Lair:5)
  4 freezing wraiths
  23 jumping spiders
  4 trolls
  A red devil (Volcano)
  3 polar bears (Lair:6)
  13 hornets
  3 meliai (D:15)
  3 tyrant leeches
  2 bog bodies
  4 blink frogs
  A dream sheep (Lair:2)
  3 hippogriffs
  19 slime creatures
  13 tarantellas
  4 wyverns
  5 wraiths
  3 shadows
  45 redbacks
  A human (D:8)
  26 yaks
  2 hogs (D:13)
  3 fire bats (Volcano)
  4 hungry ghosts
  An acid dragon (Vaults:1)
  6 vampire mosquitoes
  7 insubstantial wisps
  6 wargs
  15 swamp worms
  7 water moccasins
  A hell hound (Lair:1)
  4 soldier ants (Lair:6)
  5 porcupines
  4 ice beasts
  6 swamp drakes
  An eye of draining (D:12)
  18 orc warriors
  A sky beast (D:6)
  3 phantoms
  11 ogres
  3 wolves
  6 boggarts (Vaults:1)
  8 crocodiles
  19 centaurs
  A big kobold (D:8)
  22 bullfrogs
  A gnoll sergeant (D:8)
  2 scorpions
  A water moccasin skeleton (D:8)
  4 killer bees (D:12)
  A wight (D:13)
  4 howler monkeys
  An electric eel (Spider:2)
  A lava snake (Lair:4)
  4 crimson imps
  7 hounds
  14 orc priests
  4 jellies
  32 orc wizards
  4 centaur skeletons
  2 iguanas
  20 worker ants
  2 hound zombies
  2 hound skeletons (D:10)
  3 mummies (Ossuary)
  3 gnolls
  14 adders
  4 shadow imps
  An ooze (D:6)
  An adder zombie (D:7)
  4 worms
  2 dart slugs
  2 leopard geckos
  69 orcs
  3 bats
  9 giant cockroaches
  9 goblins
  10 hobgoblins
  14 jackals
  4 quokkas
  4 ball pythons
  2 frilled lizards (D:1)
  A hobgoblin zombie (Ossuary)
  3 kobolds
  A quokka zombie (D:7)
  6 rats
828 creatures vanquished.

Vanquished Creatures (collateral kills)
  2 emperor scorpions
  5 vault wardens
  2 entropy weavers
  8 ironheart preservers
  A deep elf demonologist (Vaults:1)
  Snorg (D:10)
  A deep elf death mage (Vaults:2)
  An ettin (shapeshifter) (D:15)
  A crystal guardian (Vaults:2)
  A fire dragon (Vaults:1)
  A great orb of eyes (Vaults:1)
  3 rakshasas
  3 yaktaur captains
  7 vault guards
  3 ice dragons
  23 hydras
  A merfolk avatar (Lair:6)
  3 centaur warriors
  11 two-headed ogres
  4 ogre magi
  6 alligators
  2 deep troll shamans (Vaults:1)
  4 death knights
  4 death yaks
  2 deep elf knights
  3 spriggans (Swamp:2)
  Sonja (Lair:2)
  A skeletal warrior (Vaults:2)
  A glowing orange brain (Vaults:1)
  A sea snake (Lair:6)
  An unseen horror (shapeshifter) (Vaults:3)
  A deep troll (shapeshifter) (Vaults:2)
  3 swamp dragons
  8 deep trolls
  A lindwurm (Lair:5)
  A flayed ghost (Vaults:2)
  4 deep elf archers (Vaults:2)
  4 ironbrand convokers
  16 orb spiders
  17 wolf spiders
  2 deep elf magi
  6 orc sorcerers
  10 orc knights
  A moth of wrath (Spider:2)
  8 ugly things
  11 vault sentinels
  4 cyclopes
  9 elephants
  3 black mambas
  12 spiny frogs
  3 gargoyles
  A torpor snail (Spider:2)
  7 yaktaurs
  3 rime drakes
  An efreet (D:15)
  10 komodo dragons
  4 demonic crawlers
  2 freezing wraiths
  3 trolls
  14 jumping spiders
  15 slime creatures
  7 hornets
  3 bog bodies
  7 blink frogs
  2 tyrant leeches
  14 dream sheep
  10 hippogriffs
  2 wyverns (D:11)
  15 tarantellas
  19 yaks
  35 redbacks
  Grum (D:9)
  2 wraiths
  4 hogs (D:13)
  3 basilisks
  A hog (shapeshifter) (Vaults:1)
  A fire elemental (Lair:3)
  A human (D:8)
  7 vampire mosquitoes
  A human simulacrum (Vaults:2)
  4 insubstantial wisps
  3 wargs
  9 swamp worms
  15 soldier ants
  A soldier ant (shapeshifter) (D:10)
  2 acid dragons
  9 water moccasins
  A hell hound (Lair:1)
  A floating eye (shapeshifter) (Vaults:2)
  4 porcupines
  An ice beast (D:10)
  8 swamp drakes
  A hornet zombie (D:6)
  A necrophage (D:8)
  17 orc warriors
  19 ogres
  A phantom (D:7)
  An eye of draining (D:12)
  2 centaurs
  A boggart (Vaults:1)
  4 wolves
  4 crocodiles
  2 big kobolds (D:8)
  6 bullfrogs
  A scorpion (D:6)
  5 wights
  6 howler monkeys
  A centaur zombie (D:9)
  3 electric eels
  2 crimson imps
  2 quasits
  A jelly (D:12)
  2 hounds
  Crazy Yiuf (D:7)
  9 orc priests
  12 orc wizards
  An iguana (D:9)
  17 worker ants
  A hound zombie (D:10)
  5 mummies (Ossuary)
  4 gnolls
  2 adders
  36 orcs
  A gnoll zombie (Ossuary)
  A jackal (D:8)
  3 quokkas
  2 hobgoblin zombies (Ossuary)
  2 kobold zombies (Ossuary)
  2 orc zombies (Ossuary)
  A quokka zombie (D:6)
  5 fungi
  A plant (Lair:5)
673 creatures vanquished.

Vanquished Creatures (others)
  An ogre mage (Vaults:1)
  A spriggan (Swamp:4)
  An orb spider (Spider:2)
  A hornet (Swamp:4)
  A redback (Spider:2)
  A boggart (Vaults:1)
  A centaur (D:15)
  A jelly (D:15)
  An orc (Orc:2)
  4 briar patches (Swamp:2)
  6 fungi
  32 plants
51 creatures vanquished.

Grand Total: 1552 creatures vanquished

Notes
Turn   | Place    | Note
-------+----------+-------------------------------------------
     0 | D:1      | aspy the Vampire Ice Elementalist began the quest for the Orb.
     0 | D:1      | Reached XP level 1. HP: 13/13 MP: 3/3
   285 | D:1      | Reached XP level 2. HP: 17/19 MP: 3/5
   537 | D:1      | Reached XP level 3. HP: 24/24 MP: 0/6
  1535 | D:3      | Noticed a bullfrog
  1547 | D:3      | Killed a bullfrog
  1547 | D:3      | Reached skill level 5 in Ice Magic
  1547 | D:3      | Reached XP level 4. HP: 28/30 MP: 2/8
  1553 | D:3      | Learned a level 4 spell: Throw Icicle
  1558 | D:3      | Learned a level 4 spell: Summon Ice Beast
  1725 | D:3      | Reached XP level 5. HP: 33/35 MP: 7/9
  1856 | D:3      | Found a deep blue altar of Sif Muna.
  1864 | D:3      | Found an ancient bone altar of Kikubaaqudgha.
  1919 | D:3      | Found a shimmering altar of Xom.
  1925 | D:3      | Reached skill level 1 in Summonings
  1936 | D:3      | Became a worshipper of Kikubaaqudgha
  2027 | D:3      | Noticed Sigmund
  2744 | D:4      | Noticed an ogre
  2994 | D:4      | Reached XP level 6. HP: 26/41 MP: 10/10
  3060 | D:4      | Noticed a water moccasin
  3067 | D:4      | Killed a water moccasin
  3517 | D:4      | Noticed Robin
  3760 | D:4      | Reached * piety under Kikubaaqudgha
  3760 | D:4      | Identified Kikubaaqudgha's Reference Book on Darkness (Kikubaaqudgha gifted it to you on level 4 of the Dungeon)
  3760 | D:4      | Received a gift from Kikubaaqudgha
  3760 | D:4      | Reached XP level 7. HP: 42/46 MP: 12/12
  3770 | D:4      | Learned a level 1 spell: Animate Skeleton
  3774 | D:4      | Learned a level 3 spell: Regeneration
  4154 | D:5      | Entered Level 5 of the Dungeon
  4186 | D:5      | Reached skill level 1 in Necromancy
  4243 | D:5      | Found a white marble altar of Elyvilon.
  4627 | D:5      | Found a burning altar of Makhleb.
  4695 | D:5      | Got a translucent quarterstaff
  4790 | D:5      | Identified the +11 quarterstaff "Isots" {venom, +Blink Str-2 Dex+6 SInv} (You found it on level 5 of the Dungeon)
  4824 | D:5      | Found a glowing silver altar of Zin.
  4824 | D:5      | Noticed an angel
  4848 | D:5      | Found a blossoming altar of Fedhas.
  4988 | D:5      | Found a blossoming altar of Fedhas.
  4990 | D:5      | Found Pyhawoum's Antique Armour Shop.
  5111 | D:6      | Found Muotashreu's Magic Scroll Boutique.
  5120 | D:6      | Bought a scroll of blinking for 82 gold pieces
  5120 | D:6      | Bought a scroll of fear for 38 gold pieces
  5129 | D:6      | Reached skill level 5 in Summonings
  5129 | D:6      | Reached XP level 8. HP: 37/52 MP: 14/14
  5133 | D:6      | Learned a level 2 spell: Blink
  5254 | D:6      | Found Kuyhag's Magic Scroll Boutique.
  5271 | D:6      | Reached skill level 1 in Fighting
  5282 | D:6      | Reached ** piety under Kikubaaqudgha
  5534 | D:6      | Found a sparkling altar of Nemelex Xobeh.
  5713 | D:6      | Found Daodanet's Jewellery Emporium.
  5717 | D:6      | Found Raubb's Jewellery Boutique.
  5836 | D:6      | Found a hide-covered altar of Uskayaw.
  5970 | D:7      | Reached skill level 5 in Spellcasting
  6033 | D:7      | Noticed an ice statue
  6131 | D:7      | Found a sand-covered staircase.
  6141 | Ossuary  | Entered an ossuary
  6161 | Ossuary  | Reached *** piety under Kikubaaqudgha
  6161 | Ossuary  | Identified Kikubaaqudgha's Volume of Evil Arts (Kikubaaqudgha gifted it to you in an ossuary)
  6161 | Ossuary  | Received a gift from Kikubaaqudgha
  6162 | Ossuary  | Reached XP level 9. HP: 62/62 MP: 16/16
  6405 | D:7      | Found a staircase to the Ecumenical Temple.
  6428 | D:7      | Reached skill level 5 in Necromancy
  6461 | D:7      | Reached skill level 5 in Dodging
  6476 | D:7      | Found a snail-covered altar of Cheibriados.
  6626 | D:7      | Found a bloodstained altar of Trog.
  6668 | D:7      | Learned a level 4 spell: Control Undead
  6771 | D:7      | Found a runed door.
  6775 | D:7      | Noticed Crazy Yiuf
  6792 | D:7      | Killed Crazy Yiuf
  6869 | D:8      | Found Adeis's Gadget Emporium.
  7190 | D:8      | Found an iron altar of Okawaru.
  7235 | D:8      | Reached **** piety under Kikubaaqudgha
  7356 | D:8      | Noticed a two-headed hydra
  7368 | D:8      | Killed a two-headed hydra
  7368 | D:8      | Reached XP level 10. HP: 73/73 MP: 14/19
  7375 | D:8      | Got a shimmering halberd
  7376 | D:8      | Identified the +9 halberd of Ambiguity {flame, Str+6 Int-5 SInv} (You found it on level 8 of the Dungeon)
  7586 | D:9      | Learned a level 4 spell: Animate Dead
  8260 | D:9      | Noticed Grum
  8281 | D:9      | Killed Grum
  8482 | D:10     | Entered Level 10 of the Dungeon
  8718 | D:10     | Noticed a two-headed ogre
  8727 | D:10     | Killed a two-headed ogre
  8727 | D:10     | Reached skill level 1 in Long Blades
  8958 | D:10     | Noticed Snorg
  8977 | D:10     | Killed Snorg
  8977 | D:10     | Reached skill level 2 in Long Blades
  8977 | D:10     | Reached skill level 1 in Shields
  9083 | D:10     | Noticed an unseen horror
  9087 | D:10     | Reached skill level 3 in Long Blades
  9089 | D:10     | Killed an unseen horror
  9208 | D:10     | Found Sovijarch's Distillery.
  9216 | D:10     | Bought 2 potions of resistance for 260 gold pieces
  9233 | D:10     | Reached skill level 4 in Long Blades
  9259 | D:10     | Reached ***** piety under Kikubaaqudgha
  9493 | D:10     | Found Fodic's Book Emporium.
  9807 | D:11     | Noticed an orc knight
  9983 | D:10     | Killed an orc knight
 10078 | D:11     | Got a slimy whip
 10079 | D:11     | Identified the +8 whip of Indomitability {flame, rPois rF++} (You found it on level 11 of the Dungeon)
 10109 | D:11     | Noticed a gargoyle
 10157 | D:11     | Killed a gargoyle
 10326 | D:11     | Reached XP level 11. HP: 67/78 MP: 22/22
 10334 | D:11     | Found a roughly hewn altar of Beogh.
 10334 | D:11     | Found a staircase to the Orcish Mines.
 10502 | D:11     | Found a blossoming altar of Fedhas.
 10648 | D:11     | Reached skill level 5 in Long Blades
 10674 | D:11     | Noticed a two-headed ogre
 10677 | D:11     | Found a shimmering altar of Xom.
 10747 | D:11     | Killed a two-headed ogre
 10841 | D:11     | Noticed a brown ugly thing
 10852 | D:11     | Killed a brown ugly thing
 10906 | D:11     | Reached skill level 6 in Long Blades
 10958 | D:11     | Found a staircase to the Lair.
 10997 | D:11     | Noticed a two-headed ogre
 11004 | D:11     | Killed a two-headed ogre
 11239 | Lair:1   | Entered Level 1 of the Lair of Beasts
 11377 | Lair:1   | Found a dark tunnel.
 11399 | Volcano  | Entered a volcano
 11409 | Volcano  | Noticed a two-headed ogre
 11412 | Volcano  | Noticed a two-headed ogre
 11432 | Volcano  | Killed a two-headed ogre
 11432 | Volcano  | Reached skill level 7 in Long Blades
 11440 | Volcano  | Noticed a two-headed ogre
 11441 | Volcano  | Noticed a two-headed ogre
 11444 | Volcano  | Killed a two-headed ogre
 11444 | Volcano  | Reached skill level 5 in Fighting
 11462 | Volcano  | Killed a two-headed ogre
 11468 | Volcano  | Killed a two-headed ogre
 11763 | Lair:1   | Noticed a seven-headed hydra
 11782 | Lair:1   | Noticed Harold
 11783 | Lair:1   | Killed a seven-headed hydra
 11783 | Lair:1   | Reached skill level 8 in Long Blades
 11793 | Lair:1   | Killed Harold
 11960 | Lair:1   | Noticed an eight-headed hydra
 11979 | Lair:1   | Killed an eight-headed hydra
 11979 | Lair:1   | Reached XP level 12. HP: 87/87 MP: 14/23
 12435 | Lair:1   | Reached skill level 9 in Long Blades
 12560 | Lair:2   | Noticed a five-headed hydra
 12568 | Lair:2   | Killed a five-headed hydra
 12589 | Lair:2   | Noticed Sonja
 12999 | Lair:2   | Noticed a seven-headed hydra
 13006 | Lair:2   | Killed a seven-headed hydra
 13140 | Lair:2   | Reached ****** piety under Kikubaaqudgha
 13178 | Lair:2   | Killed Sonja
 13353 | Lair:2   | Noticed a five-headed hydra
 13369 | Lair:2   | Killed a five-headed hydra
 13423 | Lair:2   | Found a hole to the Spider Nest.
 13424 | Lair:2   | Reached skill level 10 in Long Blades
 13670 | Lair:2   | Found a staircase to the Swamp.
 13756 | Lair:2   | Identified the Almanac of Supportive Contamination
 13976 | Lair:3   | Identified Eppadif's Incunabulum of the Twisted Rocks
 14049 | Lair:3   | Gained mutation: You are partially covered in rugged brown scales. (AC +1, +3% HP) [potion of beneficial mutation]
 14990 | Lair:4   | Noticed a six-headed hydra
 15006 | Lair:4   | Reached skill level 11 in Long Blades
 15246 | Lair:4   | Killed a six-headed hydra
 15349 | Lair:4   | Noticed a death yak
 15350 | Lair:4   | Noticed a death yak
 15378 | Lair:4   | Killed a death yak
 15408 | Lair:4   | Noticed a death yak
 15412 | Lair:4   | Noticed a death yak
 15412 | Lair:4   | Noticed a death yak
 15413 | Lair:4   | Noticed a death yak
 15427 | Lair:4   | Killed a death yak
 15488 | Lair:3   | Killed a death yak
 15488 | Lair:3   | Reached skill level 10 in Dodging
 15602 | Lair:3   | Killed a death yak
 15602 | Lair:3   | Reached XP level 13. HP: 96/100 MP: 20/24
 16261 | Lair:4   | Identified a +4 falchion of pain (a +2 falchion of electrocution bloodied by Kikubaaqudgha)
 16261 | Lair:4   | Received a gift from Kikubaaqudgha
 16587 | Lair:5   | Reached skill level 12 in Long Blades
 17589 | Lair:6   | Entered Level 6 of the Lair of Beasts
 17634 | Lair:6   | Paralysed by a hornet for 1 turns
 17981 | Lair:6   | Reached skill level 13 in Long Blades
 18224 | Lair:6   | Noticed an entropy weaver
 18648 | Lair:6   | Killed an entropy weaver
 18789 | Lair:6   | Reached XP level 14. HP: 63/111 MP: 25/25
 18831 | Lair:6   | Identified a scroll of acquirement
 18842 | Lair:6   | Got an ichor-stained hat
 18865 | Lair:5   | Identified the +1 hat of the Evening Star {rC++} (You acquired it on level 6 of the Lair of Beasts)
 18915 | Lair:6   | Got an ichor-stained dagger
 18929 | Lair:6   | Got a slimy dagger
 19101 | Lair:6   | Noticed an entropy weaver
 19230 | Lair:5   | Learned a level 6 spell: Shadow Creatures
 19288 | Lair:6   | Killed an entropy weaver
 20156 | D:12     | Noticed Urug
 20183 | D:12     | Killed Urug
 20183 | D:12     | Reached skill level 14 in Long Blades
 20461 | D:12     | Noticed Josephine
 20496 | D:12     | Killed Josephine
 20577 | D:12     | Noticed Fannar
 20595 | D:12     | Killed Fannar
 21281 | D:12     | Noticed Rupert
 21588 | D:12     | Killed Rupert
 21959 | D:13     | Upgraded the game from 0.20-a0-492-g6327889 to 0.20-a0-493-g19c8d8d
 22237 | D:12     | Reached skill level 10 in Fighting
 22666 | D:13     | Reached skill level 10 in Necromancy
 22764 | D:13     | Noticed Kirke
 22823 | D:13     | Killed Kirke
 23586 | D:13     | Reached skill level 5 in Stealth
 23655 | D:13     | Found a gate to the Vaults.
 23864 | D:14     | Noticed Agnes
 23900 | D:14     | Gained mutation: Your mind is acute. (Int +2) [potion of beneficial mutation]
 23901 | D:14     | Gained mutation: You are partially covered in yellow scales. (AC +2) [potion of beneficial mutation]
 23951 | D:14     | HP: 1/114 [Agnes/lajatang (27)]
 23965 | D:14     | HP: 2/114 [Agnes/lajatang (25)]
 24224 | D:14     | Killed Agnes
 24347 | D:14     | Reached XP level 15. HP: 98/120 MP: 26/26
 24772 | D:15     | Entered Level 15 of the Dungeon
 24772 | D:15     | Found Heimussi's Distillery.
 24772 | D:15     | Found Far Vynk's Demolitions Depot.
 24781 | D:14     | Learned a level 5 spell: Dispel Undead
 24829 | D:15     | Found Lalugg's General Store.
 24885 | D:15     | Found Vonkiu's Gadget Shop.
 25055 | D:15     | Found Denoeme's Weapon Shoppe.
 25479 | D:15     | Found a staircase to the Depths.
 25590 | D:15     | Bought a potion of agility for 64 gold pieces
 25590 | D:15     | Bought a potion of heal wounds for 80 gold pieces
 25590 | D:15     | Bought 2 potions of heal wounds for 160 gold pieces
 25590 | D:15     | Bought a potion of haste for 160 gold pieces
 25590 | D:15     | Bought a potion of beneficial mutation for 560 gold pieces
 25617 | D:15     | Found a shadowy altar of Dithmenos.
 25634 | D:15     | Found Douxota's Assorted Antiques.
 25652 | D:15     | Bought a scroll of identify for 66 gold pieces
 26429 | Spider:1 | Entered Level 1 of the Spider Nest
 26442 | Spider:1 | Noticed a ghost moth
 26463 | Spider:1 | Killed a ghost moth
 26598 | Orc:1    | Entered Level 1 of the Orcish Mines
 27049 | Orc:1    | Found a roughly hewn altar of Beogh.
 27181 | Orc:2    | Entered Level 2 of the Orcish Mines
 27223 | Orc:2    | Found a staircase to the Elven Halls.
 27590 | Orc:2    | Found Ragonk's Jewellery Shoppe.
 27590 | Orc:2    | Found Michein's Book Boutique.
 27601 | Orc:2    | Gained mutation: You have sharp fingernails. [potion of beneficial mutation]
 27654 | Orc:2    | Reached skill level 10 in Summonings
 28058 | Orc:2    | Found a roughly hewn altar of Beogh.
 28088 | Orc:2    | Found Orylekhla's Weapon Shoppe.
 28138 | Orc:2    | Found Gushopt's Gadget Boutique.
 28415 | D:6      | Bought the amulet of the Air {Inacc +Fly rElec EV+5 RMsl} for 523 gold pieces
 28676 | Swamp:1  | Entered Level 1 of the Swamp
 29974 | Swamp:2  | Noticed a thorn hunter
 30087 | Swamp:2  | Killed a thorn hunter
 30087 | Swamp:2  | Reached XP level 16. HP: 72/128 MP: 23/27
 30259 | Swamp:2  | Noticed Nikola
 30429 | Swamp:3  | Noticed a thorn hunter
 30690 | Swamp:3  | Killed a thorn hunter
 30858 | Swamp:3  | Found an opulent altar of Gozag.
 31314 | Swamp:4  | Entered Level 4 of the Swamp
 31455 | Swamp:4  | Noticed a thorn hunter
 31467 | Swamp:4  | Killed a thorn hunter
 31772 | Swamp:4  | Noticed Mara
 31806 | Swamp:4  | Noticed a thorn hunter
 32898 | Swamp:4  | Killed a thorn hunter
 33116 | Swamp:4  | Got a decaying rune of Zot
 33298 | Swamp:4  | Noticed a tentacled monstrosity
 33315 | Swamp:4  | Killed a tentacled monstrosity
 34092 | Spider:1 | Identified the Grimoire of Cankerous Dark Rituals
 35617 | Spider:2 | Identified Baeff's Handbook of Glacial Augmentations
 36113 | Spider:3 | Reached XP level 17. HP: 127/136 MP: 26/28
 36114 | Spider:3 | Reached skill level 15 in Dodging
 36114 | Spider:3 | Reached XP level 18. HP: 135/145 MP: 26/29
 36115 | Spider:3 | Reached XP level 19. HP: 141/151 MP: 27/30
 36566 | Spider:4 | Entered Level 4 of the Spider Nest
 38225 | Spider:3 | Got a transparent short sword
 38238 | Spider:3 | Reached skill level 15 in Long Blades
 40039 | Spider:4 | Got a gossamer rune of Zot
 40412 | D:6      | Bought an uncursed ring of protection from fire for 375 gold pieces
 40590 | Vaults:1 | Entered Level 1 of the Vaults
 40591 | Vaults:1 | Upgraded the game from 0.20-a0-493-g19c8d8d to 0.20-a0-494-gf50ee04
 43063 | Vaults:1 | Reached skill level 16 in Long Blades
 43629 | Vaults:1 | Identified the +7 short sword of the Several Continents {flame, Str+3} (You found it on level 3 of the Spider Nest)
 43958 | Vaults:1 | Found a roughly hewn altar of Beogh.
 45526 | Vaults:2 | Reached XP level 20. HP: 99/161 MP: 15/32
 46263 | Vaults:2 | Found Dasuh's Gadget Shoppe.
 46635 | Vaults:1 | Reached skill level 17 in Long Blades
 46931 | Vaults:2 | Found a staircase to the Crypt.
 48269 | Vaults:3 | Noticed Boris
 48282 | Vaults:2 | Killed Boris
 48658 | Vaults:3 | Blown up by a lich

Vault maps used:
D:1:      sevenhm_arrival_forest_fort_large_2
D:2:      minmay_fountain_box
D:3:      grunt_temple_overflow_open, first_bread, uniq_sigmund
D:4:      uniq_robin
D:5:      fedhas_altar_4, elyvilon_altar_5, lemuel_round_altar, zin_angel,
          basic_altar, serial_shops, shop, lemuel_flame_loot_1
D:6:      nemelex_altar_shiori, kennysheep_little_box, serial_shops,
          nicolae_shop_trees, shop, shop, shop, fountainhead, corner_web_ring
D:7:      lemuel_ice_statue, lemuel_crystal_altar, enter_ossuary_5, trog_book,
          uniq_crazy_yiuf_cottage
D:8:      serial_shops, shop, hangedman_ranch, okawaru_humans
D:9:      kennysheep_generic_room_12, uniq_grum
D:10:     minmay_ornate_pinched, serial_shops, shop, nicolae_shop_statue_plus,
          uniq_snorg
D:11:     david_lair_shrubbed, david_orc_5, basic_altar, xom_teletrap_fun
D:12:     serial_co_window_serial, co_window_paths_a,
          co_window_of_opportunity_a, co_window_paths_b,
          co_window_of_opportunity_a, co_window_corner_a,
          co_window_of_opportunity_a, co_window_paths_b, co_window_paths_b,
          co_window_of_opportunity_a, co_window_corner_b,
          co_window_of_opportunity_c, co_window_2corner, co_window_cross_3,
          co_window_2corner, co_window_unsneaky_path_e, co_window_2corner,
          co_window_4corner_b, glass_columns_a, glass_columns_c, uniq_josephine,
          uniq_urug, uniq_fannar, uniq_rupert
D:13:     lightli_vaults_fourway_checkpoint, nrook_uturn, uniq_kirke
D:14:     minmay_staircase_windowed_large, uniq_agnes
D:15:     grunt_enter_depths_snipers, serial_shops, shop,
          nicolae_shop_waterfront, shop_coins, shop, shop,
          grunt_dithmenos_smoke, st_stairs_13, nicolae_blasting_shop
Lair:1:   enter_volcano_3, serial_bayou_shore_b, grunt_megastairs_1, uniq_harold
Lair:2:   nicolae_swamp_entry_splash_gauntlet, spider_nest_entry_funnel_web,
          uniq_sonja
Lair:5:   onia_ninara_swampy_vault, minmay_slime_entry_oklob_enclosed,
          guppyfry_lair_drakes, serial_bayou_shore_a, lemuel_fruit_tree
Lair:6:   gammafunk_lair_ancient_temple, zaba_anthell
Swamp:1:  evilmike_swamp_ruin_rubble_1
Swamp:2:  serial_swamp_ruin, evilmike_swamp_ruin_house_1,
          evilmike_swamp_ruin_rubble_2, evilmike_swamp_ruin_house_2,
          infiniplex_staircase_pool_2, uniq_nikola
Swamp:3:  basic_altar
Swamp:4:  swamp, swamp_pool1, uniq_mara
Spider:3: nicolae_spider_nook
Spider:4: grunt_spider_rune_circles
Orc:1:    basic_altar
Orc:2:    st_orc_town
Vaults:1: v_misc_15, special_room_vaults, vaults_mumra_hexcomb,
          hangedman_vaults_slither, v_misc_17, nicolae_vaults_big_angled_halls,
          v_misc_12, vaults_mumra_hex, nicolae_vaults_border_crossing,
          dpeg_vaults_monster_row, nicolae_vaults_little_squares_1,
          nicolae_vaults_hallways_thing, v_misc_25, ontoclasm_vaults_hangar,
          grunt_vaults_hallway_long, vaults_room_stairs_pillars,
          nicolae_vaults_angled_halls
Vaults:2: grunt_vaults_trifunnel, grunt_vaults_twisty, blue_anna_dwarven_crypt,
          hangedman_vaults_corner, v_alt_pattern_1,
          nicolae_vaults_windows_and_doors_thing, v_misc_22,
          hangedman_vaults_capsules, vaults_mumra_minichess, serial_shops,
          nicolae_shop_window_shopping
Vaults:3: v_misc_11, v_misc_17, nicolae_vaults_gold_heap, vaults_dpeg_spiral,
          v_misc_12, ontoclasm_vaults_gateway, serial_ice_g,
          nicolae_vaults_bisected_slash, v_alt_pattern_1, nicolae_vaults_big_ls,
          ontoclasm_vaults_ligature, v_pattern_3,
          nicolae_vaults_network_quinsquares, vaults_dpeg_diagonal, uniq_boris
Ossuary:  ossuary_tomb_3
Volcano:  volcano_village

Skill      XL: |  1  2  3  4  5  6  7  8  9 10 11 12 13 14 15 16 17 18 19 20 |
---------------+-------------------------------------------------------------+-----
Ice Magic      | 4 5 6 |  6.3
Spellcasting   | 3 4 5 6 7 8 9 |  9.8
Summonings     | 2 3 5 7 11 13 14 | 14.8
Necromancy     | 2 4 7 9 10 | 10.0
Fighting       | 2 4 5 7 9 10 11 12 13 14 | 14.1
Dodging        | 4 6 8 10 11 12 13 14 15 16 | 16.0
Long Blades    | 4 8 11 13 14 16 17 | 17.5
Shields        | 2 3 |  3.9
Stealth        | 5 7 8 |  8.4
Conjurations   | |  0.6

Action                   |  1- 3 |  4- 6 |  7- 9 | 10-12 | 13-15 | 16-18 | 19-21 || total
-------------------------+-------+-------+-------+-------+-------+-------+-------++-------
Melee: Dagger            |     8 |       |       |       |       |       |       ||     8
       Unarmed           |     5 |       |       |       |       |       |       ||     5
       Bite              |     8 |     6 |    11 |    52 |   201 |    77 |   116 ||   471
       Short sword       |    62 |    77 |    14 |       |       |       |       ||   153
       Quarterstaff      |       |       |   136 |   180 |       |       |       ||   316
       Falchion          |       |       |       |   300 |  1589 |   378 |   255 ||  2522
       Triple sword      |       |       |       |       |   151 |   214 |   816 ||  1181
 Cast: Freeze            |    35 |    61 |    81 |     2 |       |       |       ||   179
       Summon Ice Beast  |       |       |    69 |   272 |   421 |   173 |   119 ||  1054
       Regeneration      |       |       |     4 |     4 |    63 |    12 |    33 ||   116
       Animate Dead      |       |       |       |     3 |    10 |     2 |       ||    15
       Blink             |       |       |       |     1 |       |       |       ||     1
       Control Undead    |       |       |       |       |     8 |     2 |       ||    10
       Dispel Undead     |       |       |       |       |    19 |     9 |    18 ||    46
       Shadow Creatures  |       |       |       |       |       |       |   187 ||   187
Invok: Brand Weapon With |       |       |       |       |     1 |       |       ||     1
       Torment           |       |       |       |       |     4 |     2 |     1 ||     7
       Receive Corpses   |       |       |       |       |     2 |     2 |     7 ||    11
 Abil: Evoke Flight      |       |       |       |       |       |       |     2 ||     2
Evoke: Wand              |       |       |       |       |     1 |       |     2 ||     3
  Use: Potion            |     5 |     2 |    22 |    60 |    66 |    25 |    75 ||   255
       Scroll            |       |     5 |     6 |    12 |    27 |     7 |    12 ||    69
 Stab: Sleeping          |     5 |     4 |     8 |     7 |     6 |     3 |     5 ||    38
       Distracted        |       |       |     1 |     4 |    26 |     7 |    19 ||    57
       Paralysed         |       |       |       |       |       |       |     2 ||     2
  Eat: Corpse            |     8 |    10 |     6 |    13 |    21 |     2 |    19 ||    79
Armor: Robe              |    30 |    32 |    50 |     7 |       |       |       ||   119
       Troll leather arm |       |       |       |   157 |   356 |   252 |   328 ||  1093
       Leather armour    |       |       |       |    11 |       |       |       ||    11
Dodge: Dodged            |    51 |    69 |   155 |   422 |  1134 |  1151 |  1375 ||  4357
       Deflected         |       |       |       |       |     3 |     5 |    28 ||    36
       Rpst.: Falchion   |       |       |       |    61 |   254 |   101 |    67 ||   483
       Triple sword      |       |       |       |       |    47 |   100 |   212 ||   359
